AoeStats
← No Atro

Arena

505960180Analyzed
4v4 RM · 20d ago on Sep 11, 2026· 50m 47s· 8 players
Game mode
Random Map
Map size
Large (8 player)
Population
200
Speed
Normal
Resources
Standard
Victory
Conquest
Starting age
Dark Age
Ending age
Imperial Age
RankedLock teamsTeams togetherTeam positionsShared explorationLock speedFull tech treeHidden civsTurbo modeCheats
Victory
Defeat
🇫🇷 Goths · France
1123
+14
🇺🇸 Sicilians · United States
1096
+15
🇨🇦 Franks · Canada
1077
+16
🇩🇪 Bengalis · Germany
1005
+19
🇺🇸 Franks · United States
1158
-18
🇨🇱 Persians · Chile
1132
-18
🇨🇴 Burmese · Colombia
1077
-16
🇨🇴 Sicilians · Colombia
963
-12
sirmanuelini
10:58 Feudal Age
10:27 Loom
14:42 Castle Age
15:52 Double-Bit Axe
17:21 Double-Bit Axe
20:21 Bow Saw
22:11 Forging
22:01 Scale Mail Armor
25:25 Gold Mining
26:13 Wheelbarrow
27:19 Iron Casting
26:49 Town Watch
27:56 #83
28:14 Hand Cart
29:02 Chain Mail Armor
29:59 Gold Shaft Mining
29:44 Fletching
31:02 Bodkin Arrow
33:57 Imperial Age
31:50 Town Patrol
32:11 Stone Mining
34:03 Elite Throwing Axeman
35:07 Conscription
35:51 Blast Furnace
35:22 Plate Mail Armor
35:11 Squires
34:57 Arson
35:34 Heavy Scorpion
48:15 Chemistry
47:36 Ballistics
47:22 Siege Engineers
47:13 Murder Holes
49:55 Hoardings
Vimabuma
2:48 Loom
11:52 Feudal Age
14:46 Town Watch
17:27 Castle Age
16:58 Wheelbarrow
16:20 Stone Mining
16:18 Double-Bit Axe
16:16 Horse Collar
18:23 Wheelbarrow
8oE. Jonza
10:14 Loom
11:59 Feudal Age
20:01 Castle Age
17:59 Horse Collar
19:11 Gold Mining
21:01 Bloodlines
20:51 Husbandry
20:13 Light Cavalry
22:24 Heavy Plow
25:05 Wheelbarrow
25:20 Scale Barding Armor
28:38 Chain Barding Armor
30:28 Forging
30:08 Fletching
30:43 Stone Mining
33:57 Gold Shaft Mining
34:25 Ballistics
34:37 Hand Cart
35:13 Town Watch
39:44 Imperial Age
37:51 Town Patrol
38:28 Iron Casting
38:32 Manipur Cavalry
39:32 Arson
39:47 Squires
40:33 Howdah
40:54 Conscription
40:03 Pikeman
41:20 Murder Holes
41:35 Masonry
41:15 Gambesons
40:51 Man-at-Arms
40:53 Elite Skirmisher
41:34 Bodkin Arrow
41:40 Padded Archer Armor
42:50 Bracer
43:26 Plate Barding Armor
43:55 Chemistry
43:26 Architecture
42:37 Treadmill Crane
43:03 Siege Engineers
43:09 Fortified Wall
44:36 Blast Furnace
43:37 Scale Mail Armor
48:49 Conscription
ELEG F3R
10:22 Feudal Age
13:18 Wheelbarrow
12:31 Loom
15:04 Castle Age
13:18 Double-Bit Axe
14:20 Horse Collar
17:05 Heavy Plow
22:26 Wheelbarrow
22:37 Bow Saw
24:05 Hand Cart
25:14 Gold Mining
26:51 Gold Shaft Mining
26:21 Town Watch
29:21 Imperial Age
27:10 Scale Barding Armor
27:23 Husbandry
27:34 Bloodlines
28:45 Chain Barding Armor
28:48 Forging
29:12 Cavalier
31:52 Plate Barding Armor
31:53 Iron Casting
32:33 Crop Rotation
33:06 Two-Man Saw
33:05 Savar
35:00 Chemistry
35:05 Blast Furnace
42:32 Heavy Camel Rider
46:29 Light Cavalry
48:07 Murder Holes
48:33 Ballistics
48:34 Fletching
48:45 Padded Archer Armor
48:47 Kamandaran
49:08 Conscription
No Atro
10:21 Feudal Age
14:39 Castle Age
12:59 Double-Bit Axe
13:26 Loom
24:22 Gold Mining
24:23 Stone Mining
25:11 Wheelbarrow
27:48 Husbandry
28:04 Forging
28:00 Scale Barding Armor
31:08 Imperial Age
31:12 Iron Casting
30:58 Chain Barding Armor
31:55 Chivalry
31:19 Cavalier
33:29 Blast Furnace
32:49 Bow Saw
33:38 Hand Cart
34:03 Paladin
mattmcneil9
0:26 Loom
10:24 Feudal Age
15:01 Castle Age
13:17 Horse Collar
14:05 Double-Bit Axe
16:22 Wheelbarrow
23:42 Heavy Plow
26:17 Bow Saw
26:39 Hand Cart
26:10 Town Watch
34:46 Imperial Age
32:09 Pikeman
32:49 Squires
32:35 Arson
33:45 Scale Mail Armor
33:56 Forging
33:38 Gold Mining
33:39 Stone Mining
35:21 Gold Shaft Mining
35:11 Halberdier
36:09 Chain Mail Armor
36:18 Conscription
36:33 Hoardings
36:11 Siege Engineers
37:06 Chemistry
37:19 Plate Mail Armor
37:42 Crop Rotation
37:41 Guilds
38:24 Onager
43:26 Cavalier
44:17 Bloodlines
44:08 Husbandry
44:25 Hauberk
44:54 Scale Barding Armor
KiingAngelo
4:23 Loom
11:46 Feudal Age
13:04 Double-Bit Axe
18:56 Castle Age
18:40 Wheelbarrow
18:29 Gold Mining
19:06 Horse Collar
20:50 Bow Saw
20:42 Town Watch
21:11 Stone Mining
23:44 Hand Cart
23:33 Heavy Plow
25:33 Fletching
27:46 Bodkin Arrow
27:53 Padded Archer Armor
31:08 Leather Archer Armor
33:14 Gambesons
33:56 Forging
33:48 Scale Mail Armor
33:30 Pikeman
34:13 Squires
36:10 Paiks
38:39 Imperial Age
36:28 Chain Mail Armor
40:23 Iron Casting
39:52 Bracer
40:11 Halberdier
41:35 Ballistics
43:35 Chemistry
43:09 Elite Elephant Archer
44:44 Town Patrol
46:49 Mahayana
46:51 Conscription
47:24 Arson
48:22 Iron Casting
Juan
10:40 Feudal Age
12:43 Wheelbarrow
16:29 Castle Age
14:59 Stone Mining
16:22 Double-Bit Axe
27:01 Gold Mining
27:47 Stone Shaft Mining
27:53 Stone Shaft Mining
27:33 Bow Saw
27:36 Loom
28:08 Pikeman
28:50 Squires
31:05 Forging
30:57 Scale Mail Armor
34:08 Imperial Age
32:01 Hand Cart
32:21 Anarchy
32:23 Horse Collar
33:37 Heavy Plow
34:34 Iron Casting
34:15 Chain Mail Armor
34:07 Scale Barding Armor
34:53 Perfusion
34:45 Elite Huskarl
35:33 Halberdier
37:17 Blast Furnace
37:35 Town Watch
37:41 Town Watch
39:11 Chemistry
38:31 Ballistics
39:23 Padded Archer Armor
39:14 Fletching
39:44 Chain Barding Armor
39:47 Man-at-Arms
46:02 Two-Man Saw
45:11 Caravan
50:37 Long Swordsman
51:35 Leather Archer Armor
51:15 Bodkin Arrow
51:53 Crop Rotation
Connection lost

Rejoining the realm…

Still unreachable

The connection could not be restored.

Session expired

The server has moved on; the page needs a fresh start.